AoeStats
← Vilo41

Scandinavia

510444732Analyzed
1v1 RM · 21h ago on Oct 1, 2026· 52m 22s· 2 players
Game mode
Random Map
Map size
Tiny (2 player)
Population
200
Speed
Normal
Resources
Standard
Victory
Conquest
Starting age
Dark Age
Ending age
Imperial Age
RankedLock teamsTeams togetherTeam positionsShared explorationLock speedFull tech treeHidden civsTurbo modeCheats
Victory
Defeat
🇪🇨 Franks · Ecuador
487
+14
🇻🇪 Franks · Venezuela
452
-14
Vilo41
11:25 Feudal Age
13:02 Double-Bit Axe
23:13 Castle Age
22:32 Man-at-Arms
23:09 Fletching
24:29 Scale Mail Armor
26:05 Bow Saw
27:10 Forging
28:30 Wheelbarrow
27:58 Long Swordsman
29:37 Padded Archer Armor
29:39 Light Cavalry
30:22 Bodkin Arrow
34:58 Hand Cart
35:22 Gold Mining
38:41 Town Watch
42:26 Imperial Age
40:26 Pikeman
41:27 Leather Archer Armor
41:33 Husbandry
41:20 Crossbowman
45:15 Fortified Wall
49:45 Chemistry
EdyLac
9:55 Loom
11:57 Feudal Age
15:07 Wheelbarrow
14:19 Town Watch
14:19 Fishing Lines
14:38 Arson
22:59 Double-Bit Axe
23:51 Scale Mail Armor
23:57 Scale Barding Armor
24:56 Stone Mining
27:12 Castle Age
28:19 Chain Barding Armor
28:11 Forging
28:03 Padded Archer Armor
29:41 Gold Mining
30:12 Hand Cart
30:00 Town Patrol
30:09 Husbandry
29:39 Light Cavalry
30:26 Squires
34:32 Bow Saw
35:46 Gold Shaft Mining
36:37 Ordonnance Companies
37:02 Pikeman
41:34 Imperial Age
46:03 Murder Holes
47:09 Chemistry
45:56 Elite Throwing Axeman
46:20 Capped Ram
48:02 Hoardings
50:38 Chivalry
Connection lost

Rejoining the realm…

Still unreachable

The connection could not be restored.

Session expired

The server has moved on; the page needs a fresh start.